[Event "Late-Titled-Tuesday-Blitz-October-17-2023"]
[Site "Chess.com"]
[Date "2023.10.17"]
[Round "8"]
[White "wild3000"]
[Black "jaskol95"]
[Result "1-0"]
[WhiteElo "2441"]
[BlackElo "2572"]
[TimeControl "180+1"]
[EndTime "15:26:15 PDT"]
[Termination "wild3000 won by checkmate"]

1. d4 d5 2. e3 Nf6 3. Nf3 c5 4. Be2 Nc6 5. O-O b6 6. c4 e6 7. cxd5 exd5 8. b3 Be7 9. Bb2 O-O 10. Nc3 Bf5 11. dxc5 bxc5 12. Na4 Ne4 13. Rc1 Rc8 14.
Ba6 Rb8 15. Nd2 Qa5 16. Nxe4 Bxe4 17. Bd3 Bxd3 18. Qxd3 Nb4 19. Qc3 Bf6 20. Qxc5 Qxc5 21. Rxc5 Nd3 22. Bxf6 Nxc5 23. Nxc5 Rfc8 24. Bd4 a5 25. g4 f6 26. Kg2 Kf7 27. h4 h6 28.
Kf3 Rb5 29. Rc1 Ke7 30. Rc3 Rc7 31. Ke2 Kd6 32. Na4 Rxc3 33. Bxc3 Ke6 34. Kd3 g6 35. f4 f5 36. g5 h5 37. Be5 Kd7 38. Kc3 Ke6 39.
a3 Kd7 40. Bd4 Kc6 41. b4 axb4+ 42. axb4 Rb8 43. Kb3 Ra8 44. Nc3 Kd6 45. Be5+ Kc6 46. b5+ Kc5 47. Bd4+ Kd6 48. Kb4 Rc8 49. b6 Kc6 50.
Nb5 Ra8 51. Na7+ Kb7 52. Kc5 Rd8 53. Nb5 Ka6 54. Nc7+ Kb7 55. Bf6 Rc8 56. Kxd5 Kxb6 57. Ne6 Rc1 58. Nf8 Rd1+ 59. Bd4+ Kc7 60. Nxg6 Kd7 61.
Ke5 Ke8 62. Kxf5 Kf7 63. Ne5+ Kg7 64. Nf3+ Kh7 65. g6+ Kh6 66. Ng5 Rf1 67. Nf7# 1-0

[Event "Late-Titled-Tuesday-Blitz-October-17-2023"]
[Site "Chess.com"]
[Date "2023.10.17"]
[Round "8"]
[White "lluiss"]
[Black "leoduarte"]
[Result "1-0"]
[WhiteElo "2207"]
[BlackElo "2387"]
[TimeControl "180+1"]
[EndTime "15:26:17 PDT"]
[Termination "lluiss won on time"]

1. Nf3 d5 2. d4 Nf6 3. c4 e6 4.
cxd5 exd5 5. Nc3 c6 6. Qc2 Be7 7. Bg5 O-O 8. e3 h6 9. Bh4 Re8 10. Bd3 a5 11. O-O Na6 12. a3 Nc7 13. Rab1 Ne4 14. Bxe7 Qxe7 15. Na4 Nd6 16. Nb6 Ra7 17. b4 axb4 18. axb4 Ncb5 19. Ra1 Bd7 20. Rxa7 Nxa7 21. Ne5 Be6 22. Ra1 Ndb5 23. Qc5 f6 24. Ng6 Qxc5 25.
bxc5 Kf7 26. Nf4 g5 27. Bg6+ Kg7 28. Bxe8 gxf4 29. exf4 Bf5 30. Bh5 Nc8 31. Nxc8 Bxc8 32. Rd1 Bf5 33. Be2 Nc3 34. Rd2 Kf7 35. Rb2 Bc8 36. Bf1 Ke7 37. f3 Kd8 38. Rb3 Na4 39. Kf2 Kc7 40. Rb4 b5 41. cxb6+ Nxb6 42. g4 Be6 43. h4 Bf7 44. f5 Nc8 45. Ra4 Kb7 46.
f4 Nb6 47. Rb4 Kc7 48. Rxb6 Kxb6 49. Ke3 c5 50. g5 hxg5 51. fxg5 fxg5 52. hxg5 c4 53. Kd2 Kc6 54. g6 Be8 55. Ke3 Kd6 56. Kf4 c3 57. Bd3 1-0

[Event "Late-Titled-Tuesday-Blitz-October-17-2023"]
[Site "Chess.com"]
[Date "2023.10.17"]
[Round "8"]
[White "mishanick"]
[Black "Hrant_ChessMood"]
[Result "1-0"]
[WhiteElo "3036"]
[BlackElo "2922"]
[TimeControl "180+1"]
[EndTime "15:26:18 PDT"]
[Termination "mishanick won on time"]

1. d4 d5 2. c4 e6 3. Nc3 Nf6 4. cxd5 exd5 5. Bg5 Be7 6. e3 c6 7. Bd3 Nbd7 8. h3 Nf8 9. Nf3 Ne6 10. Bh4 g6 11.
Qc2 Ng7 12. O-O Bf5 13. Bxf6 Bxf6 14. e4 dxe4 15. Bxe4 O-O 16. Rad1 Re8 17. Rfe1 Rc8 18. g4 Bxe4 19. Nxe4 Ne6 20. Qb3 Nf4 21. Qxb7 Nxh3+ 22. Kg2 Nf4+ 23. Kg3 Nd5 24. Re2 Rc7 25. Nxf6+ Nxf6 26. Rxe8+ Nxe8 27. Qb4 Nf6 28. Re1 Nd5 29.
Qd2 Rb7 30. b3 Qd6+ 31. Kg2 Kg7 32. Re4 Nf6 33. Rf4 Re7 34. g5 Nd5 35. Rh4 Qe6 36. Ne5 c5 37. Nf3 cxd4 38. Qxd4+ Kg8 39. b4 f6 40. gxf6 Nxf6 41. Rf4 Nd5 42. Rh4 Rd7 43.
b5 Ne7 44. Qc4 Qxc4 45. Rxc4 Nd5 46. a4 Nb6 47. Rb4 Nd5 48. Rd4 Nf6 49. Rc4 Kg7 50. Ne5 Rb7 51. Rc6 Nd5 52. Nc4 Nb6 53. Nd6 Rd7 54. a5 Nd5 55. b6 axb6 56. axb6 Kh6 57. Nc4 Rb7 58. Rd6 Nc3 59. Na5 Rb8 60. b7 Ne4 61.
Rc6 1-0

[Event "Late-Titled-Tuesday-Blitz-October-17-2023"]
[Site "Chess.com"]
[Date "2023.10.17"]
[Round "8"]
[White "Nor1lsk"]
[Black "tptagain"]
[Result "1/2-1/2"]
[WhiteElo "2742"]
[BlackElo "2916"]
[TimeControl "180+1"]
[EndTime "15:26:19 PDT"]
[Termination "Game drawn by repetition"]

1. e4 c5 2. d3 Nc6 3. g3 g6 4. Bg2 Bg7 5. f4 e6 6. Nf3 Nge7 7. O-O O-O 8. c3 d6 9. Be3 b6 10. Na3 Bb7 11. Re1 Qd7 12. Bf2 Rae8 13. Qd2 f5 14. exf5 gxf5 15. Nc2 Ng6 16. d4 cxd4 17. Ncxd4 Nxd4 18. Bxd4 Be4 19. Bxg7 Kxg7 20. Rad1 d5 21. Qd4+ Kg8 22. Ne5 Nxe5 23. Qxe5 Qg7 24. Qxg7+ Kxg7 25. Rd4 Rf7 26. c4 Rc8 27. cxd5 exd5 28.
Re2 h5 29. Kf2 Rc1 30. Red2 Rfc7 31. Bf3 Kg6 32. Bxe4 dxe4 33. Rd6+ Kg7 34. R6d5 R7c2 35. Ke2 Rxd2+ 36. Kxd2 Rh1 37. Rxf5 Rxh2+ 38. Kc3 Kg6 39.
Rg5+ Kh6 40. a4 a5 41. Rb5 Rg2 42. Rxb6+ Kh7 43. Kd4 Rxg3 44. Kxe4 h4 45. Rb5 Kh6 46. Rc5 h3 47. Rc1 Kh5 48. f5 Kg5 49. Rf1 Kf6 50. Kf4 Rb3 51. Rf2 Rb4+ 52. Kg3 Rb3+ 53. Kh2 Rd3 54.
Kh1 Rb3 55. Kh2 Rd3 56. Kh1 Rb3 57. Kh2 1/2-1/2

[Event "Late-Titled-Tuesday-Blitz-October-17-2023"]
[Site "Chess.com"]
[Date "2023.10.17"]
[Round "8"]
[White "PushingpawnsNYC"]
[Black "Hambardzumyan_Yuri"]
[Result "0-1"]
[WhiteElo "2344"]
[BlackElo "2504"]
[TimeControl "180+1"]
[EndTime "15:26:19 PDT"]
[Termination "Hambardzumyan_Yuri won by resignation"]

1. e4 c5 2. Nc3 d6 3. Bb5+ Bd7 4. a4 Nf6 5. f4 g6 6. Qe2 Bg7 7. e5 dxe5 8. fxe5 Nh5 9. e6 fxe6 10. Qxe6 a6 11.
Bxd7+ Qxd7 12. Qc4 Nc6 13. Nf3 Nd4 14. O-O Nxf3+ 15.
Rxf3 Qd4+ 16. Qxd4 Bxd4+ 17. Kh1 Kd7 18. Nd5 Raf8 19. c3 Bg7 20. d3 Rxf3 21. gxf3 e6 22. Nb6+ Kc6 23. Nc4 Rd8 24. Bg5 Rxd3 25. Re1 e5 26.
Nxe5+ Bxe5 27. Rxe5 Rxf3 28. Kg2 Rd3 29. Re7 Rd1 30. Rxh7 Rb1 31. Rh6 Rxb2+ 32. Kf3 Rxh2 33. Rxg6+ Kd5 34. Rb6 Ng7 35. Bf4 Rh3+ 36. Kg4 Rxc3 37.
Rxb7 Ne6 38. Bg3 Rc4+ 39. Kf5 Nd4+ 40. Kf6 Rxa4 41. Be5 Nc6 42. Rd7+ Kc4 43. Bd6 Ra1 44.
Rc7 Kd5 45. Bf8 Rf1+ 46. Kg7 a5 47. Rd7+ Kc4 48. Rc7 Kb5 49. Rb7+ Ka6 50. Rb2 Rc1 51. Bd6 a4 52. Kf7 Nd4 53. Rb8 Nc6 54. Rc8 Kb5 55.
Rb8+ Nxb8 56. Bxb8 a3 57. Bf4 Rc2 58. Be5 a2 59.
Ke6 c4 60. Kd5 c3 61. Kd4 a1=Q 0-1

[Event "Late-Titled-Tuesday-Blitz-October-17-2023"]
[Site "Chess.com"]
[Date "2023.10.17"]
[Round "8"]
[White "krzyzan94"]
[Black "rasmussvane"]
[Result "1/2-1/2"]
[WhiteElo "2783"]
[BlackElo "2967"]
[TimeControl "180+1"]
[EndTime "15:26:20 PDT"]
[Termination "Game drawn - insufficient material"]

1. e4 c6 2. d4 d5 3. e5 Bf5 4. c4 e6 5. Nc3 Ne7 6. h3 Nd7 7.
Nf3 h6 8. a3 dxc4 9. Bxc4 Nb6 10. Bb3 Ned5 11. O-O Be7 12. Qe2 O-O 13. Ne4 Rc8 14.
Rd1 Qc7 15. Bd2 Rfd8 16. Rac1 Qb8 17. g4 Bh7 18. h4 Nd7 19. Ng3 Nf8 20. g5 hxg5 21.
Bxg5 Ng6 22. Bxd5 Bxg5 23. Nxg5 Rxd5 24. Qh5 Nf8 25. Qxf7+ Kh8 26. Qf3 Qc7 27. Nf7+ Kg8 28. Nd6 Rd8 29. h5 Qe7 30. Nge4 Bxe4 31. Qxe4 Qg5+ 32.
Kf1 Qxh5 33. Rd3 Ng6 34. Rg3 Ne7 35. Kg2 Nf5 36. Nxf5 Qxf5 37. Qxf5 exf5 38. Re1 Rxd4 39. e6 Re8 40. Re5 Re4 41. Rxf5 R8xe6 42. Rfg5 Re7 43.
Rd3 Re2 44. b4 Rf7 45. Rd8+ Kh7 46. Rh5+ Kg6 47. Rh4 Rexf2+ 48. Kg1 Rf1+ 49. Kg2 R7f2+ 50. Kg3 Rf3+ 51. Kg2 R1f2+ 52. Kg1 Rb2 53. Rg4+ Kh7 54. Rd7 Kh6 55. Rgxg7 Rf6 56. Rg3 Rg6 57. Rxg6+ Kxg6 58. Rxb7 Rb3 59. Rxa7 Kf5 60. Ra6 Ke5 61. Rxc6 Rxa3 62. Rc5+ Kd4 63. Rf5 Rb3 64. b5 Kc4 65. Kf2 Rxb5 66.
Rxb5 Kxb5 1/2-1/2

[Event "Late-Titled-Tuesday-Blitz-October-17-2023"]
[Site "Chess.com"]
[Date "2023.10.17"]
[Round "8"]
[White "BogdanDeac"]
[Black "Alexander_Donchenko"]
[Result "1/2-1/2"]
[WhiteElo "2980"]
[BlackElo "2878"]
[TimeControl "180+1"]
[EndTime "15:26:21 PDT"]
[Termination "Game drawn by repetition"]

1. d4 Nf6 2. c4 g6 3. Nf3 Bg7 4. e3 O-O 5. Be2 d6 6. O-O Bg4 7. h3 Bxf3 8. Bxf3 c6 9. Nc3 e5 10. d5 c5 11. e4 Nbd7 12. h4 Ne8 13. h5 f5 14. hxg6 hxg6 15. g3 Qe7 16. Kg2 Nef6 17. Qe2 f4 18. Rh1 g5 19. Bg4 Nxg4 20. Qxg4 Nf6 21. Qxg5 Nxd5 22. Qxe7 Nxe7 23. Bd2 a6 24. Rh4 fxg3 25. fxg3 Rab8 26. Rd1 b5 27. Bg5 Ng6 28. Rg4 bxc4 29. Bc1 Rf6 30. Nd5 Re6 31. Rxg6 Rxg6 32. Ne7+ Kf7 33. Nxg6 Kxg6 34. Rxd6+ Kf7 35. Rxa6 Rd8 36.
Ra4 Rd4 37. Be3 Rd3 38. Kf2 c3 39. b3 c2 40. Rc4 Rxe3 41. Kxe3 Bh6+ 42. Kd3 c1=Q 43.
Rxc1 Bxc1 44. Kc4 Ba3 45. Kd5 Kf6 46. g4 Kg5 47. Kxe5 Kxg4 48. Kd5 Kg5 49. Ke5 Kg6 50.
Ke6 Kg7 51. Ke5 Kf7 52. Kf5 Ke7 53. Ke5 Kd7 54. Kd5 Ke7 55. Ke5 Kd7 56. Kd5 Kc7 57.
Ke6 Bc1 58. Kd5 Ba3 59. Ke6 Kd8 60. e5 Ke8 61. Kf6 Kf8 62. Ke6 Ke8 63. Kf6 Kf8 64.
Ke6 Ke8 1/2-1/2

[Event "Late-Titled-Tuesday-Blitz-October-17-2023"]
[Site "Chess.com"]
[Date "2023.10.17"]
[Round "8"]
[White "esskeettit"]
[Black "The_Princess_Moon"]
[Result "1-0"]
[WhiteElo "2492"]
[BlackElo "2342"]
[TimeControl "180+1"]
[EndTime "15:26:37 PDT"]
[Termination "esskeettit won by checkmate"]

1. d4 c5 2. d5 e5 3. c4 d6 4. Nc3 Nf6 5. e4 g6 6. Bd3 Bg7 7.
Nge2 O-O 8. O-O Na6 9. a3 Nc7 10. b4 b6 11. Qb3 Nh5 12. Nb5 Nxb5 13. cxb5 f5 14. bxc5 bxc5 15. Bd2 Nf4 16. Nxf4 exf4 17. Rae1 f3 18. gxf3 f4 19. Rc1 Bh3 20. Kh1 Bxf1 21.
Bxf1 Qh4 22. Be1 Bd4 23. Qc2 Qh5 24. Bg2 Qe5 25. a4 g5 26. Bh3 Kh8 27. a5 Rfb8 28. Rb1 Rb7 29. Be6 Rab8 30. Qd3 Qg7 31. Rb3 h5 32.
Qe2 Be5 33. h3 Kh7 34. Qd3 Kh6 35. Qb1 g4 36. fxg4 hxg4 37. hxg4 Qg5 38. Rh3+ Kg7 39.
Qd3 Rxb5 40. Bd7 Rb1 41. Qe2 Qf6 42. Bf5 Bc3 43. Kg2 Rxe1 44. Qa6 Qe7 45. Qc6 Kg8 46. Rh7 Qxh7 47. Bxh7+ Kxh7 48. Qc7+ Kg6 49. Qxb8 Rxe4 50. Qxd6+ Kg5 51. Qxc5 f3+ 52. Kg3 Be5+ 53. Kxf3 Rf4+ 54.
Ke2 Re4+ 55. Kd3 Rxg4 56. Qc6 Re4 57. Qd7 Rd4+ 58. Ke3 Rd1 59. Qe7+ Kf5 60. Qf7+ Bf6 61. Qh5+ Bg5+ 62. Ke2 Rxd5 63. Qf7+ Ke4 64. Qxa7 Bf4 65. a6 Be5 66. Qb7 Bd4 67. a7 Ke5 68. Qa6 Rc5 69.
a8=Q Rc2+ 70. Kd3 Rc3+ 71. Kd2 Rb3 72. Qe8+ Kd5 73. Qf7+ Kc5 74. Qxb3 Bxf2 75. Qbc4# 1-0

[Event "Late-Titled-Tuesday-Blitz-October-17-2023"]
[Site "Chess.com"]
[Date "2023.10.17"]
[Round "8"]
[White "cthulhuuu"]
[Black "Siemba"]
[Result "0-1"]
[WhiteElo "2418"]
[BlackElo "2578"]
[TimeControl "180+1"]
[EndTime "15:26:45 PDT"]
[Termination "Siemba won by resignation"]

1. e4 g6 2. d4 Bg7 3. Nc3 d6 4.
f4 e6 5. Nf3 Ne7 6. Be2 a6 7. a4 b6 8. O-O Bb7 9. Be3 Nd7 10. Qd2 c5 11. Rad1 d5 12. exd5 exd5 13.
Ne5 Nf5 14. Bf2 O-O 15. g4 Nxd4 16. Bxd4 cxd4 17. Qxd4 Nxe5 18. fxe5 Qg5 19. Nxd5 Bxe5 20. Qe4 Rfe8 21. Qf3 Bxh2+ 22. Kxh2 Bxd5 23. Rxd5 Rxe2+ 24. Kg1 Qe3+ 25. Qxe3 Rxe3 26. Rd7 Re4 27. Rfxf7 Rxg4+ 28. Kh2 Rh4+ 29. Kg3 Rh5 30. Rg7+ Kh8 31. Rb7 b5 32. a5 b4 33. Rgc7 Kg8 34. Rg7+ Kh8 35. Rgc7 Rg5+ 36. Kh4 Rh5+ 37. Kg4 Rf8 38. Rf7 Rxf7 39. Rxf7 Rxa5 40. Rb7 Kg8 41. Rxb4 Kg7 42. Rb7+ Kh6 43. b4 Re5 44. c4 Re4+ 45. Kf3 Rxc4 46. Ke3 Rc3+ 47. Kd4 Rb3 48. Kc4 Rb1 49. Ra7 Ra1 50. Kb3 Rb1+ 51. Kc3 Ra1 52. Kb2 Ra4 53. Kb3 Ra1 54. Kb2 Rf1 55. Rxa6 Kg5 56. b5 Rf5 57. Ra5 h5 58. Kb3 h4 59.
Kb4 h3 60. b6 Rxa5 61. Kxa5 h2 62. b7 h1=Q 63. b8=Q Qa1+ 64. Kb6 Qb2+ 65. Kc7 Qxb8+ 66. Kxb8 Kf4 0-1

[Event "Late-Titled-Tuesday-Blitz-October-17-2023"]
[Site "Chess.com"]
[Date "2023.10.17"]
[Round "8"]
[White "Carlitus2004"]
[Black "Yushko_Olga"]
[Result "1-0"]
[WhiteElo "2491"]
[BlackElo "2191"]
[TimeControl "180+1"]
[EndTime "15:26:48 PDT"]
[Termination "Carlitus2004 won on time"]

1. e4 e6 2. d4 d5 3. exd5 exd5 4. Bd3 Nf6 5. c3 Be7 6. Bg5 O-O 7. Nf3 Bg4 8. Nbd2 c5 9. O-O Nc6 10. Qc2 h6 11. Bh4 cxd4 12. Nxd4 Nxd4 13. cxd4 Rc8 14. Qb3 b6 15. Rac1 Be6 16. Nf3 Ne4 17. Bxe7 Qxe7 18. Ba6 Rxc1 19. Rxc1 Qf6 20. Qe3 Bg4 21. Ne5 Bf5 22.
f3 Nd6 23. Rc6 Qe7 24. Rc3 Re8 25. Kf2 Qh4+ 26. Kg1 f6 27. Rc6 Nc4 28. Bxc4 dxc4 29.
g3 Qh3 30. g4 Bxg4 31. Qf4 Bc8 32. Rc7 Bf5 33. Ng4 Re1+ 34. Kf2 Qf1+ 35. Kg3 Qg1+ 36.
Kh3 Bxg4+ 37. Qxg4 Qxg4+ 38. Kxg4 Rd1 39. Rxc4 a5 40.
h4 Rd2 41. b4 axb4 42. Rxb4 Rxa2 43. Rxb6 Rd2 44. Rd6 Kf7 45. Kf5 Ke7 46. Re6+ Kf7 47. Rd6 Ke7 48. Re6+ Kf7 49. Re4 g6+ 50. Kf4 Rh2 51.
Kg3 Rd2 52. Rf4 Ke6 53. Re4+ Kd5 54. Rf4 Ke6 55. Re4+ Kd5 56. Rg4 g5 57. hxg5 hxg5 58. Re4 Rxd4 59. Re8 Kd6 60. Rd8+ Ke5 61. Re8+ Kf5 62.
Rc8 Rd5 63. Rf8 Rc5 64. Rd8 Rb5 65. Rc8 Rb3 66. Rc5+ Kg6 67. Ra5 1-0

[Event "Late-Titled-Tuesday-Blitz-October-17-2023"]
[Site "Chess.com"]
[Date "2023.10.17"]
[Round "8"]
[White "Hasangatin_Ramil"]
[Black "jcibarra"]
[Result "1/2-1/2"]
[WhiteElo "2723"]
[BlackElo "2896"]
[TimeControl "180+1"]
[EndTime "15:26:54 PDT"]
[Termination "Game drawn by repetition"]

1. e4 Nc6 2. Bb5 Nd4 3. Ba4 b5 4. c3 bxa4 5. cxd4 d5 6. e5 Qd7 7. Nc3 a3 8. bxa3 Nh6 9. Nf3 Nf5 10. O-O e6 11. Qa4 Qxa4 12. Nxa4 Ba6 13. Re1 Rb8 14. g4 Nh6 15. h3 Be7 16. Nc5 Rb6 17. d3 Rc6 18.
Rb1 O-O 19. Nd7 Bxd3 20. Rb3 Bc4 21. Nxf8 Bxb3 22. Nxe6 fxe6 23. axb3 Rc3 24. Kg2 Rxb3 25.
Re3 Rxe3 26. fxe3 Nf7 27. a4 Kf8 28. Kf2 c5 29. dxc5 Bxc5 30. Ke2 Ke7 31. Bb2 a6 32. Kd3 Kd7 33. Bd4 Be7 34. Kc3 Kc6 35. Kd3 Bd8 36. Kc3 Ba5+ 37. Kd3 Bb4 38. Kc2 h6 39. Kd3 Nd8 40. h4 Kd7 41. h5 Nc6 42. Nh4 Ba5 43. Nf3 Bc7 44. Kc2 Ba5 45. Kd3 Nb4+ 46. Ke2 Bd8 47. Bc3 Nc6 48. Bd4 Bc7 49. Kd3 Ke7 50.
Kc3 Kf7 51. Kd3 g6 52. Kc3 gxh5 53. gxh5 Ba5+ 54. Kd3 Ne7 55. e4 dxe4+ 56. Kxe4 Nf5 57.
Be3 Ng3+ 58. Kd3 Kg7 59. Nd4 Kf7 60. Bxh6 Nxh5 61. Be3 Ng7 62. Nc6 Bc7 63. Ke4 Nf5 64. Nb4 Ng3+ 65. Kd3 a5 66. Nc6 Nf5 67. Bd2 Ne7 68. Nxe7 Kxe7 69. Bc3 Kd7 70. Kc4 Kc6 71.
Bd4 Bd8 72. Bc3 Bc7 73. Bd4 Bb8 74. Bc3 Bc7 1/2-1/2

[Event "Late-Titled-Tuesday-Blitz-October-17-2023"]
[Site "Chess.com"]
[Date "2023.10.17"]
[Round "8"]
[White "AsaHoffmann"]
[Black "Mariia89"]
[Result "1/2-1/2"]
[WhiteElo "2350"]
[BlackElo "2139"]
[TimeControl "180+1"]
[EndTime "15:26:54 PDT"]
[Termination "Game drawn by stalemate"]

1. d4 Nf6 2. Bg5 Ne4 3. Bf4 d5 4. f3 Nf6 5. e4 dxe4 6. Nc3 Bf5 7.
fxe4 Nxe4 8. Qf3 Nxc3 9. bxc3 Qc8 10. Bd3 Bxd3 11. cxd3 e6 12. Ne2 Be7 13. Qg3 Bf6 14.
Bxc7 O-O 15. Bf4 Nd7 16. O-O Kh8 17. Qg4 e5 18. dxe5 Nxe5 19. Qxc8 Raxc8 20. d4 Nc4 21. a4 Rfe8 22. Ng3 Nb2 23. Rab1 Nxa4 24. Rxb7 Nxc3 25.
Nf5 Ne2+ 26. Kh1 Nxf4 27. Nd6 Rb8 28. Rxa7 Kg8 29. Nxe8 Rxe8 30. g3 Nd5 31. Rd7 Nb6 32.
Rd6 Nc4 33. Rc6 Nd2 34. Rd1 Nf3 35. d5 Rd8 36. d6 h5 37. d7 Kh7 38. Rc8 Ne5 39. Rxd8 Bxd8 40. Rc1 Be7 41. Rc8 Nxd7 42. Rc7 Bd6 43. Rxd7 Be5 44. Rxf7 Kg6 45. Rf8 Bf6 46. Kg2 Be7 47. Re8 Bf6 48. Kf3 h4 49. g4 Kg5 50. h3 Kg6 51. Ke4 Kf7 52. Rb8 Kg6 53. Rb6 Kg5 54. Kd5 Bc3 55. Ke6 Bf6 56. Rb4 Bc3 57.
Re4 Bf6 58. Kf7 Bc3 59. Rc4 Bf6 60. Rc5+ Kf4 61. Rf5+ Kg3 62. Rxf6 gxf6 63. Kxf6 Kxh3 64. g5 Kh2 65. g6 h3 66. g7 Kh1 67. g8=Q h2 68.
Qh7 Kg2 69. Qg6+ Kh1 70. Qh5 Kg2 71. Qg4+ Kh1 72. Qh3 Kg1 73. Qg3+ Kh1 74. Kf5 1/2-1/2

[Event "Late-Titled-Tuesday-Blitz-October-17-2023"]
[Site "Chess.com"]
[Date "2023.10.17"]
[Round "8"]
[White "Chempiblinka"]
[Black "Lion_DL"]
[Result "1-0"]
[WhiteElo "2324"]
[BlackElo "2439"]
[TimeControl "180+1"]
[EndTime "15:27:45 PDT"]
[Termination "Chempiblinka won on time"]

1. Nf3 d5 2. g3 c6 3. Bg2 Bf5 4. c4 e6 5. cxd5 exd5 6. O-O Be7 7. d3 Nf6 8. Nc3 O-O 9. e4 Bg4 10. h3 Bh5 11. g4 Bg6 12. Nd4 dxe4 13. dxe4 h5 14.
g5 Ne8 15. f4 Bc5 16. Be3 f5 17. Nxf5 Qxd1 18. Raxd1 Rxf5 19. exf5 Bxe3+ 20. Kh1 Bxf5 21. Rde1 Nd7 22. Rxe3 Nf8 23. Ne4 Ng6 24. Ng3 Nh4 25. Nxh5 Bg6 26. Ng3 Nd6 27. Re6 Ndf5 28. Nxf5 Bxf5 29.
Rd6 Re8 30. Rfd1 Re2 31. Rd8+ Kh7 32. R1d2 Re1+ 33. Kh2 Ng6 34. Bf3 Nxf4 35. Bg4 Be4 36. Kg3 Nd5 37. h4 Re3+ 38. Kf2 Rd3 39. Rxd3 Bxd3 40. h5 a5 41. g6+ Kh6 42. Bf3 Nf6 43. Rh8+ Kg5 44. Rb8 Ba6 45. Ra8 Nxh5 46. Bxc6 Kxg6 47.
Be4+ Kg5 48. Rb8 Nf4 49. Bxb7 Bc4 50. Bc6 Bxa2 51. Rb5+ Kg4 52. Rxa5 Be6 53. Bd7 g5 54. Bxe6+ Nxe6 55. Kg2 Nf4+ 56. Kg1 Kh4 57. b4 g4 58. b5 g3 59. b6 Kh3 60. Rg5 Ne2+ 61. Kf1 Kh4 62. Rg8 Nf4 63. Rh8+ Kg4 64. Rg8+ Kf3 65. Rxg3+ Kxg3 66. b7 Nd5 67. b8=Q+ Nf4 68. Ke1 Kf3 69. Qf8 Kg4 70. Kf2 Nh3+ 71. Ke3 Ng5 72. Qg8 Kf5 73. Kd4 Ne6+ 74. Ke3 Ng5 75. Qb8 Ne6 76. Qd6 Kf6 77.
Qc6 Ke5 78. Qb5+ Kf6 79. Ke4 Ng5+ 80. Kf4 Ne6+ 81. Kg4 Ng7 82. Qd5 Ne6 83. Qb5 Ng7 84.
Qg5+ Kf7 85. Qh6 Ne6 86. Kf5 Ng7+ 87. Ke5 Ne8 88. Qh5+ Ke7 89. Qh7+ Kd8 90. Kd5 Nc7+ 91. Kd6 Ne8+ 92. Kc6 Nf6 93. Qf7 1-0

[Event "Late-Titled-Tuesday-Blitz-October-17-2023"]
[Site "Chess.com"]
[Date "2023.10.17"]
[Round "9"]
[White "Lennis93"]
[Black "MathiasWomacka"]
[Result "0-1"]
[WhiteElo "2690"]
[BlackElo "2552"]
[TimeControl "180+1"]
[EndTime "15:35:46 PDT"]
[Termination "MathiasWomacka won by resignation"]

1. c4 c5 2. g3 Nf6 3. Bg2 d5 4. cxd5 Nxd5 5. Nc3 Nc7 6. Qa4+ Bd7 7. Qb3 Nc6 8. Qxb7 Nd4 9. Qe4 g6 10. Qb1 Bg7 11.
Bxa8 Qxa8 12. f3 O-O 13. Nh3 Bxh3 14. d3 Nxf3+ 0-1

[Event "Late-Titled-Tuesday-Blitz-October-17-2023"]
[Site "Chess.com"]
[Date "2023.10.17"]
[Round "9"]
[White "SanchezKelvin"]
[Black "expii"]
[Result "1-0"]
[WhiteElo "2558"]
[BlackElo "2242"]
[TimeControl "180+1"]
[EndTime "15:36:05 PDT"]
[Termination "SanchezKelvin won by resignation"]

1. e4 c5 2. Nf3 d6 3. d4 cxd4 4. Nxd4 Nf6 5. Nc3 g6 6. f3 Bg7 7. Be3 O-O 8. Qd2 Nc6 9. Bc4 Bd7 10. h4 h5 11. Bb3 Ne5 12. g4 hxg4 13. h5 Nxh5 14.
Bh6 gxf3 15. Rxh5 gxh5 16. Qg5 f2+ 17. Kd2 Ng6 18. Qxg6 1-0

[Event "Late-Titled-Tuesday-Blitz-October-17-2023"]
[Site "Chess.com"]
[Date "2023.10.17"]
[Round "9"]
[White "Necromon"]
[Black "Mikasinski"]
[Result "0-1"]
[WhiteElo "2512"]
[BlackElo "2690"]
[TimeControl "180+1"]
[EndTime "15:36:14 PDT"]
[Termination "Mikasinski won by resignation"]

1. Nf3 Nf6 2. b3 g6 3. Bb2 Bg7 4. c4 O-O 5. Nc3 d6 6. d4 Bf5 7.
g3 c5 8. Bg2 Nc6 9. O-O cxd4 10.
Nxd4 Nxd4 11. Qxd4 Ne4 12. Qe3 Nc5 13. b4 Ne6 14.
Bxb7 Rb8 15. Bg2 Rxb4 16. Qd2 Rxc4 17. Nd5 Rc2 18. Qa5 Qxa5 0-1

[Event "Late-Titled-Tuesday-Blitz-October-17-2023"]
[Site "Chess.com"]
[Date "2023.10.17"]
[Round "9"]
[White "DarkAlekhine"]
[Black "Arash_Tahbaz"]
[Result "1-0"]
[WhiteElo "2737"]
[BlackElo "2900"]
[TimeControl "180+1"]
[EndTime "15:36:48 PDT"]
[Termination "DarkAlekhine won by resignation"]

1. e4 d5 2. exd5 Qxd5 3. Nc3 Qa5 4. d4 Nf6 5. Bc4 c6 6. Bd2 Bf5 7. Qe2 Nbd7 8. O-O-O Qc7 9. Nf3 e6 10. Ne5 b5 11.
Bb3 h5 12. Rhe1 b4 13. Nxf7 Kxf7 14. Bxe6+ Bxe6 15. Qxe6+ Kg6 16. Ne2 Bd6 17. g4 hxg4 18. Rg1 Rae8 19. Rxg4+ Kh5 20. Qf5+ 1-0

[Event "Late-Titled-Tuesday-Blitz-October-17-2023"]
[Site "Chess.com"]
[Date "2023.10.17"]
[Round "9"]
[White "PushingpawnsNYC"]
[Black "santosalberto1987"]
[Result "1-0"]
[WhiteElo "2354"]
[BlackElo "2404"]
[TimeControl "180+1"]
[EndTime "15:36:51 PDT"]
[Termination "PushingpawnsNYC won by resignation"]

1. e4 e6 2. d4 d5 3. Bd3 dxe4 4. Bxe4 Nf6 5. Bf3 Bd6 6. Ne2 O-O 7. Nbc3 e5 8. O-O c6 9. Bg5 Nbd7 10. h3 Re8 11. Ng3 h6 12. Be3 exd4 13. Bxd4 Ne5 14. Nge4 Nxf3+ 15. Qxf3 Nxe4 16. Nxe4 Bf8 17. Rad1 Qa5 18. Nf6+ gxf6 19. Qxf6 Kh7 20. Qxf7+ 1-0

[Event "Late-Titled-Tuesday-Blitz-October-17-2023"]
[Site "Chess.com"]
[Date "2023.10.17"]
[Round "9"]
[White "drdaro"]
[Black "Chessdreamer2020"]
[Result "0-1"]
[WhiteElo "2276"]
[BlackElo "2498"]
[TimeControl "180+1"]
[EndTime "15:36:55 PDT"]
[Termination "Chessdreamer2020 won by resignation"]

1. Nc3 c5 2. d3 Nc6 3. g3 d5 4.
Bg2 d4 5. Ne4 e5 6. Nf3 Be7 7.
O-O f5 8. Neg5 h6 9. Nh3 g5 10. Nd2 g4 11. Nc4 gxh3 12. Bxc6+ bxc6 13. Nxe5 Qd5 14. Nf3 Nf6 15. c4 dxc3 16. bxc3 c4 17. Re1 Kf7 18.
e4 fxe4 19. dxe4 Qxd1 20. Rxd1 Bg4 0-1

[Event "Late-Titled-Tuesday-Blitz-October-17-2023"]
[Site "Chess.com"]
[Date "2023.10.17"]
[Round "9"]
[White "Jospem"]
[Black "FabianoCaruana"]
[Result "1-0"]
[WhiteElo "3147"]
[BlackElo "3109"]
[TimeControl "180+1"]
[EndTime "15:37:45 PDT"]
[Termination "Jospem won by resignation"]

1. e4 e5 2. Nf3 Nc6 3. Bb5 a6 4.
Ba4 Nf6 5. Nc3 b5 6. Bb3 Bc5 7. d3 d6 8. Nd5 h6 9. Be3 Bxe3 10. Nxe3 O-O 11. c3 Ne7 12. O-O Ng6 13. g3 Re8 14. Nd2 Be6 15. Bxe6 Rxe6 16. Qf3 c6 17. Rad1 d5 18. Nb3 Re8 19. Nc5 a5 20. Nf5 Ra7 21. b3 Nd7 22. Nxd7 Rxd7 23. c4 bxc4 24. bxc4 Ne7 25. Ne3 dxe4 26. dxe4 Qc8 27. Rxd7 Qxd7 28. Rd1 Qe6 29. Rd2 Rb8 30. Qd1 Qg6 31. Rd8+ Rxd8 32.
Qxd8+ Kh7 33. Qxe7 Qxe4 34. Qxf7 1-0

[Event "Late-Titled-Tuesday-Blitz-October-17-2023"]
[Site "Chess.com"]
[Date "2023.10.17"]
[Round "9"]
[White "KorolDimitriy75"]
[Black "dadice10"]
[Result "1-0"]
[WhiteElo "2328"]
[BlackElo "2205"]
[TimeControl "180+1"]
[EndTime "15:37:47 PDT"]
[Termination "KorolDimitriy75 won by resignation"]

1. d4 d5 2. c4 dxc4 3. Nf3 Nf6 4. Nc3 a6 5. e4 b5 6. e5 Nd5 7. a4 Bb7 8. e6 fxe6 9. Ng5 Nxc3 10.
bxc3 Qd5 11. Be2 Qd6 12. Bf3 Nc6 13. Qe2 h6 14. Nxe6 g6 15. Bf4 1-0

[Event "Late-Titled-Tuesday-Blitz-October-17-2023"]
[Site "Chess.com"]
[Date "2023.10.17"]
[Round "9"]
[White "effefe"]
[Black "DawidCzerw"]
[Result "1-0"]
[WhiteElo "2355"]
[BlackElo "2512"]
[TimeControl "180+1"]
[EndTime "15:38:13 PDT"]
[Termination "effefe won by checkmate"]

1. d4 c5 2. d5 e5 3. c4 d6 4. Nc3 Be7 5. Nf3 Bg4 6. h3 Bxf3 7. gxf3 f5 8. e3 Nf6 9. Bd3 g6 10. Qc2 O-O 11. Rg1 Kh8 12. Bd2 Na6 13. a3 Nc7 14. O-O-O b5 15. Nxb5 Nxb5 16. cxb5 Nxd5 17. e4 Nf4 18. Bxf4 exf4 19. exf5 g5 20. Be4 Rb8 21. Bc6 Bf6 22. Rge1 a6 23. Re6 axb5 24. Rdxd6 Qa5 25. Rxf6 b4 26. Rxf8+ Rxf8 27. Qd2 Qa6 28. Be4 Qc4+ 29.
Kb1 bxa3 30. Qc3+ Qxc3 31. bxc3 Rb8+ 32. Ka2 Rb2+ 33. Kxa3 Rxf2 34. f6 Kg8 35. Bd5+ Kf8 36. Rd8# 1-0